 Dungeon Crawl Stone Soup version 0.20.1-1-g8b1a95d (webtiles) character file.

326 torrenera the Magician (level 6, -3/31 (32) HPs)
             Began as a Deep Elf Conjurer on July 19, 2017.
             Slain by Blork the orc
             ... wielding a +0 glaive of chopping
              (14 damage)
             ... on level 4 of the Dungeon on July 20, 2017.
             The game lasted 00:08:24 (3401 turns).

torrenera the Magician (Deep Elf Conjurer)          Turns: 3401, Time: 00:08:25

HP:   -3/31 (32)    AC:  4    Str:  5    XL:     6   Next: 24%
MP:   10/17         EV: 13    Int: 22    God:
Gold: 116           SH:  0    Dex: 15    Spells: 8/18 levels left

rFire    . . .     SeeInvis .   h - +0 blowgun
rCold    . . .     Gourm    .   (no shield)
rNeg     . . .     Faith    .   a - +0 robe
rPois    .         Spirit   .   (no helmet)
rElec    .         Reflect  .   w - +1 cloak
rCorr    .         Harm     .   (no gloves)
MR       .....                  (no boots)
Stlth    ++........             (no amulet)
Regen    0.1/turn               (no ring)
MPRegen  0.2/turn               (no ring)

@: no status effects
A: no striking features
a: no special abilities


You were on level 4 of the Dungeon.
You were hungry.

You visited 1 branch of the dungeon, and saw 4 of its levels.
You also visited: Sewer.

You collected 116 gold pieces.

Inventory:

Hand Weapons
 h - a +0 blowgun (weapon)
 r - a +0 short sword
 u - a +4 mace
 v - a +4 quarterstaff of chaos
Missiles
 q - 23 poisoned needles (quivered)
Armour
 a - a +0 robe (worn)
 w - a +1 cloak (worn)
Jewellery
 x - an uncursed amulet of magic regeneration {unknown}
Scrolls
 e - 9 scrolls of identify {unknown}
 g - 8 scrolls of remove curse {unknown}
 i - a scroll of random uselessness {unknown}
 j - 2 scrolls of enchant weapon {unknown}
 l - 2 scrolls of teleportation {unknown}
 n - a scroll of enchant armour {unknown}
 o - 2 scrolls of amnesia {unknown}
 y - a scroll of noise {unknown}
Potions
 f - 3 potions of flight {unknown}
 k - 2 potions of haste {unknown}
 m - 2 potions of curing {unknown}
 p - a potion of mutation {unknown}
 s - a potion of heal wounds {unknown}
Books
 b - a book of Conjurations

   Spells                             Type                      Level
   a - Magic Dart                     Conjuration                  1
   b - Searing Ray                    Conjuration                  2
   c - Dazzling Spray                 Conjuration/Hexes            3
   d - Fulminant Prism                Conjuration/Hexes            4
   e - Force Lance                    Conjuration/Translocation    4
   f - Iskenderun's Mystic Blast      Conjuration                  4
 t - a book of Necromancy

   Spells                             Type                      Level
   a - Pain                           Necromancy                   1
   b - Animate Skeleton               Necromancy                   1
   c - Vampiric Draining              Necromancy                   3
   d - Regeneration                   Charms/Necromancy            3
   e - Animate Dead                   Necromancy                   4
   f - Control Undead                 Necromancy                   4
Comestibles
 c - a bread ration
 d - 3 royal jellies


   Skills:
 - Level 2.4 Dodging
 - Level 2.4 Stealth
 * Level 6.8 Spellcasting
 + Level 6.5 Conjurations


You had 8 spell levels left.
You knew the following spells:

 Your Spells              Type           Power        Failure   Level  Hunger
a - Magic Dart            Conj           ####         1%          1    None
b - Searing Ray           Conj           #####.       1%          2    None
c - Dazzling Spray        Conj/Hex       ###...       7%          3    None
d - Iskenderun's Mystic   Conj           #####...     6%          4    ###....


Dungeon Overview and Level Annotations

Branches:
Dungeon (4/15)
 Temple: D:4-7

Altars:
Nemelex Xobeh
Qazlal
Uskayaw

Annotations:
D:4 Blork the orc


Message History

Blork the orc seems to speed up.
The searing ray hits Blork the orc.
Blork the orc is heavily wounded.
Blork the orc screams, "I'll drink your blood!
Soon!"
Blork the orc hits you from afar with a glaive of chopping!
The searing ray hits Blork the orc.
Blork the orc is severely wounded.
You finish channeling your searing ray.
Blork the orc misses you.
Blork the orc looks more healthy.
Blork the orc hits you from afar with a glaive of chopping.
Blork the orc barely misses you.
Casting: Searing Ray
Confirm with . or Enter, or press ? or * to list all spells.
Aiming: Searing Ray
Press: ? - help, Shift-Dir - straight line, f/p - Blork the orc
Aim: Blork the orc, wielding a glaive of chopping and wearing a robe (severely wounded, fast)
The searing ray misses Blork the orc. (Press . to maintain the ray.) Blork the orc hits you from afar with a glaive of chopping!
You die...

### #.# ..# #.# #.#
##.## ####.#####...## #
#.............. #.
#.##.#####...## ##.#
#.##.# ##.##
.###...#####.##>######.#
(.(....o.@...##........#
####...#################
##.# #. #


You could see Blork the orc.

Vanquished Creatures
  A necrophage (D:3)
  A big kobold (Sewer)
  Crazy Yiuf (D:3)
  A worker ant (D:4)
  6 adders
  An ooze (D:1)
  3 dart slugs
  3 leopard geckos
  2 orcs (D:3)
  6 giant cockroaches
  4 goblins
  6 hobgoblins
  2 jackals (Sewer)
  A quokka (D:2)
  5 bats
  4 frilled lizards
  8 kobolds
  8 rats
63 creatures vanquished.

Notes
Turn   | Place    | Note
-------+----------+-------------------------------------------
     0 | D:1      | torrenera the Deep Elf Conjurer began the quest for the Orb.
     0 | D:1      | Reached XP level 1. HP: 10/10 MP: 6/6
   297 | D:1      | Reached XP level 2. HP: 15/15 MP: 1/8
   861 | D:1      | Reached skill level 5 in Conjurations
   986 | D:2      | Learned a level 2 spell: Searing Ray
  1124 | D:2      | Reached XP level 3. HP: 19/19 MP: 6/10
  1240 | D:2      | Learned a level 3 spell: Dazzling Spray
  1594 | D:3      | Noticed a necrophage
  1942 | D:3      | Killed a necrophage
  1942 | D:3      | Reached skill level 5 in Spellcasting
  1942 | D:3      | Reached XP level 4. HP: 22/23 MP: 7/13
  1942 | D:3      | Reached XP level 5. HP: 26/27 MP: 7/14
  2085 | D:3      | Found a glowing drain.
  2154 | Sewer    | Entered a sewer
  2447 | Sewer    | Found a glowing silver altar of Zin.
  2761 | D:3      | Found a runed door.
  2765 | D:3      | Noticed Crazy Yiuf
  2769 | D:3      | Killed Crazy Yiuf
  2769 | D:3      | Reached XP level 6. HP: 31/31 MP: 12/17
  3048 | D:3      | Found a stormy altar of Qazlal.
  3052 | D:3      | Found a sparkling altar of Nemelex Xobeh.
  3053 | D:3      | Found a hide-covered altar of Uskayaw.
  3122 | D:4      | Learned a level 4 spell: Iskenderun's Mystic Blast
  3389 | D:4      | Noticed Blork the orc
  3401 | D:4      | Slain by Blork the orc

Skill      XL: |  1  2  3  4  5 |
---------------+----------------+-----
Conjurations   | 5 6 |  6.5
Spellcasting   | 5 6 |  6.8
Dodging        | |  2.4
Stealth        | |  2.4

Action                   |  1- 3 |  4- 6 || total
-------------------------+-------+-------++-------
Melee: Dagger            |    11 |       ||    11
 Fire: Blowgun           |       |     2 ||     2
 Cast: Magic Dart        |    58 |    53 ||   111
       Searing Ray       |     4 |     7 ||    11
  Eat: Chunk             |     3 |     4 ||     7
Armor: Robe              |     2 |     3 ||     5
Dodge: Dodged            |    14 |    16 ||    30
